 Dungeon Crawl Stone Soup version 0.21.0-25-ge575cb9ce8 (webtiles) character file.

92 Minato the Slasher (level 4, -1/37 HPs)
             Began as a Human Berserker on Jan 25, 2018.
             Was a Believer of Trog.
             Slain by a gnoll
             ... wielding a +0 spear
              (6 damage)
             ... on level 3 of the Dungeon.
             The game lasted 00:09:44 (3047 turns).

Minato the Slasher (Human Berserker)                Turns: 3047, Time: 00:09:44

Health: -1/37      AC:  6    Str: 18    XL:     4   Next: 90%
Magic:  4/4        EV:  9    Int:  7    God:    Trog [**....]
Gold:   93         SH:  8    Dex: 13    Spells: 3/3 levels left

rFire    . . .     SeeInvis .   a - +1 falchion
rCold    . . .     Gourm    .   k - +0 shield
rNeg     . . .     Faith    +   g - +0 ring mail
rPois    .         Spirit   .   q - +0 hat
rElec    .         Reflect  .   r - +0 cloak
rCorr    .         Harm     .   (no gloves)
MR       .....     Rnd*Tele +   (no boots)
Stlth    +.........             j - amulet of faith
HPRegen  0.12/turn              h - ring of wizardry
MPRegen  0.09/turn              t - ring of teleportation (curse)

@: berserk cooldown, slowed, very slow
A: no striking features
a: Berserk, Trog's Hand, Burn Spellbooks, Renounce Religion


You were on level 3 of the Dungeon.
You worshipped Trog.
Trog was pleased with you.
You were not hungry.

You visited 1 branch of the dungeon, and saw 3 of its levels.

You collected 93 gold pieces.

Inventory:

Hand Weapons
 a - a +1 falchion (weapon)
Armour
 b - a +0 animal skin
 g - a +0 ring mail (worn)
 k - a +0 shield (worn)
 o - a +0 leather armour
 q - a +0 hat (worn)
 r - a +0 cloak (worn)
Jewellery
 h - a ring of wizardry (left hand)
 j - an amulet of faith (around neck)
 t - a cursed ring of teleportation (right hand)
Scrolls
 d - a scroll of enchant weapon
 e - a scroll of identify
 i - a scroll of noise {unknown}
Potions
 f - a potion of resistance
 m - a potion of invisibility {unknown}
 n - a potion of degeneration {unknown}
 p - 3 potions of heal wounds {unknown}
Books
 s - a book of Cantrips

   Spells                             Type                      Level
   a - Confusing Touch                Hexes                        1
   b - Animate Skeleton               Necromancy                   1
   c - Summon Small Mammal            Summoning                    1
   d - Apportation                    Translocation                1
   Trog disapproves of the use of such an item.
Comestibles
 c - 5 rations


   Skills:
 + Level 3.7 Fighting
 + Level 3.9 Long Blades
 + Level 2.2 Armour
 + Level 2.6 Dodging
 + Level 0.6 Stealth
 + Level 0.8 Shields


You had 3 spell levels left.
You didn't know any spells.

Dungeon Overview and Level Annotations

Branches:
Dungeon (3/15)

Altars:
Hepliaklqana


Message History

You feel a strong urge to attack something.
You are no longer berserk.
You pass out from exhaustion.
You feel yourself slow down. The gnoll hits you with a spear.
* * * LOW HITPOINT WARNING * * *
The gnoll hits you but does no damage.
You can move again.
You hit the gnoll.
The gnoll is lightly wounded.
The gnoll hits you but does no damage. You block the gnoll's attack.
You hit the gnoll but do no damage.
The gnoll is lightly wounded.
The gnoll hits you with a spear.
* * * LOW HITPOINT WARNING * * *
The gnoll completely misses you.
You closely miss the gnoll.
The gnoll is lightly wounded.
The gnoll hits you with a spear.
You die...

# #.......#.########.########
#..........<...)..)........
#.........###.####.........
#...............##.........
###.....####.####............
(.......##.....##............
######..#.......#........####
#..#.......#........#
##....._...@........#
#.#.......#g.....##
#.#.......#......#
#.##.....##......#
#.####.####......#
#.........)?..####
#.#######.##### #.# ..g#
....##


You could see a gnoll.

Vanquished Creatures
  2 gnolls (D:3)
  An adder (D:3)
  A worm (D:2)
  2 leopard geckos
  7 giant cockroaches
  9 goblins
  5 hobgoblins
  4 jackals (D:1)
  A quokka (D:2)
  5 bats (D:1)
  3 frilled lizards
  9 kobolds
  8 rats
57 creatures vanquished.

Notes
Turn   | Place    | Note
-------+----------+-------------------------------------------
     0 | D:1      | Minato the Human Berserker began the quest for the Orb.
     0 | D:1      | Reached XP level 1. HP: 18/18 MP: 1/1
   159 | D:1      | Reached XP level 2. HP: 24/24 MP: 2/2
   447 | D:1      | Reached XP level 3. HP: 26/29 MP: 3/3
   826 | D:1      | Reached ** piety under Trog
  2048 | D:2      | Reached XP level 4. HP: 30/36 MP: 4/4
  2952 | D:3      | Found a hazy altar of Hepliaklqana.
  3047 | D:3      | Slain by a gnoll

Action                   |  1- 3 |  4- 6 || total
-------------------------+-------+-------++-------
Melee: Falchion          |   122 |    50 ||   172
Invok: Berserk           |       |     1 ||     1
  Use: Potion            |     4 |     1 ||     5
       Scroll            |       |     4 ||     4
 Stab: Sleeping          |     1 |       ||     1
  Eat: Ration            |     1 |     1 ||     2
       Chunk             |       |     2 ||     2
Armor: Animal skin       |    21 |       ||    21
       Leather armour    |     5 |    17 ||    22
       Ring mail         |       |     7 ||     7
Dodge: Dodged            |    77 |    17 ||    94
Block: Shield            |    36 |    18 ||    54
       Rpst.: Falchion   |    28 |     4 ||    32
